 Dungeon Crawl Stone Soup version 0.26.1-11-gd32895ea62 (webtiles) character file.

Game seed: 16362128086127541925

93 Almogavar the Caller (level 4, 0/30 HPs)
             Began as a Merfolk Summoner on May 20, 2021.
             Slain by a centaur skeleton (6 damage)
             ... on level 4 of the Dungeon.
             The game lasted 00:14:45 (4305 turns).

Almogavar the Caller (Merfolk Summoner)             Turns: 4305, Time: 00:14:46

Health: 0/30       AC:  4    Str: 14    XL:     4   Next: 62%
Magic:  2/8        EV: 13    Int: 14    God:
Gold:   133        SH:  0    Dex: 15    Spells: 6/9 levels left

rFire    + . .     SeeInvis .   A - +0 spear
rCold    x . .     Faith    .   (no shield)
rNeg     . . .     Spirit   .   a - +0 robe
rPois    .         Reflect  .   n - +1 helmet
rElec    .         Harm     .   (no cloak)
rCorr    .         Rampage  .   (no gloves)
Will     .....                  (no boots)
Stlth    ++........             (no amulet)
HPRegen  0.10/turn              l - ring of fire
MPRegen  0.11/turn              d - +6 ring of strength

@: very slightly contaminated
A: change form in water, swift swim, stealthy swim
a: no special abilities


You were on level 4 of the Dungeon.
You visited 1 branch of the dungeon, and saw 4 of its levels.

You collected 133 gold pieces.

Inventory:

Hand Weapons
 A - a +0 spear (weapon)
Missiles
 c - 90 stones
 i - 12 poisoned darts
 B - 2 boomerangs
Armour
 a - a +0 robe (worn)
 h - a +0 leather armour
 n - a +1 helmet (worn)
 y - a +0 ring mail
Jewellery
 d - a +6 ring of strength (right hand)
 l - a ring of fire (left hand)
 x - an uncursed ring of fire
Scrolls
 f - a scroll of remove curse
 p - 3 scrolls of blinking {unknown}
 q - 2 scrolls of enchant armour {unknown}
 u - 3 scrolls of teleportation {unknown}
 v - a scroll of fog {unknown}
 z - a scroll of immolation {unknown}
Potions
 b - a potion of curing
 e - a potion of ambrosia
 g - 2 potions of brilliance
 j - 2 potions of might
 k - a potion of magic
 m - 2 potions of resistance {unknown}
 o - a potion of degeneration {unknown}
 r - a potion of mutation {unknown}
 s - 2 potions of lignification {unknown}
 t - a potion of attraction {unknown}
 w - a potion of flight {unknown}


   Skills:
 + Level 0.2 Fighting
 + Level 2.9 Dodging
 + Level 2.8 Stealth
 + Level 3.2 Spellcasting
 + Level 4.8 Summonings


You had 6 spell levels left.
You knew the following spells:

 Your Spells              Type           Power        Failure   Level
a - Summon Small Mammal   Summ           60%          3%          1
b - Call Imp              Summ           15%          4%          2

Your spell library contained the following spells:

 Spells                   Type           Power        Failure   Level
 Call Canine Familiar     Summ           15%          9%          3
 Summon Guardian Golem    Hex/Summ       8%           24%         3
 Summon Ice Beast         Ice/Summ       8%           61%         4
 Summon Lightning Spire   Summ/Air       8%           61%         4


Dungeon Overview and Level Annotations

Branches:
Dungeon (4/15)
 Temple: D:4-7

Altars:
Gozag
Nemelex Xobeh
The Shining One


Message History

The white imp freezes your quokka.
Your quokka dies!
Your quokka's corpse disappears in a puff of smoke!
Your crimson imp blinks!
The white imp closely misses your quokka.
Your quokka bites the white imp.
The centaur skeleton hits you.
* * * LOW HITPOINT WARNING * * *
Your quokka bites the white imp but does no damage.
You are too injured to fight recklessly!
You are too injured to fight recklessly!
Your quokka bites the white imp.
Your crimson imp hits the centaur skeleton.
You hit the centaur skeleton.
The centaur skeleton is moderately damaged.
The centaur skeleton hits you.
* * * LOW HITPOINT WARNING * * *
Your quokka barely misses the white imp.
Your crimson imp hits the centaur skeleton.
The centaur skeleton hits you.
You die...

#. .........#
#>##........##
......=.....#
#..r.......#
#.......[..#
#....5.....#
#.....5....#
#...Z....#
##.$@...##
########


You could see a white imp, a centaur skeleton, a friendly crimson imp (summoned)
and a friendly quokka (summoned).

Vanquished Creatures
  A gnoll (D:1)
  An ooze (D:2)
  A giant cockroach (D:3)
3 creatures vanquished.

Vanquished Creatures (collateral kills)
  An orc wizard (D:3)
  3 gnolls (D:3)
  3 adders (D:3)
  3 dart slugs
  A leopard gecko (D:1)
  3 orcs (D:3)
  3 giant cockroaches
  6 goblins
  6 hobgoblins
  6 jackals (D:1)
  5 kobolds
  3 bats
  5 frilled lizards
  4 rats
52 creatures vanquished.

Grand Total: 55 creatures vanquished

Notes
Turn   | Place    | Note
-------+----------+-------------------------------------------
     0 | D:1      | Almogavar the Merfolk Summoner began the quest for the Orb.
     0 | D:1      | Reached XP level 1. HP: 13/13 MP: 3/3
   432 | D:1      | Reached XP level 2. HP: 19/19 MP: 1/5
  1798 | D:1      | Reached XP level 3. HP: 6/24 MP: 0/6
  2018 | D:1      | Learned a level 2 spell: Call Imp
  2858 | D:3      | Found a faded altar of an unknown god.
  2977 | D:3      | Found a sparkling altar of Nemelex Xobeh.
  2977 | D:3      | Found an opulent altar of Gozag.
  3246 | D:3      | Reached XP level 4. HP: 14/30 MP: 0/8
  4056 | D:3      | Found a glowing golden altar of the Shining One.
  4305 | D:4      | Slain by a centaur skeleton

Illustrated notes

Levels and vault maps discovered:
D:1:      amcnicky_arrival_choice, layout_loops_ring
D:2:      layout_loops_cross
D:3:      layout_basic, grunt_temple_overflow_opulence,
          nicolae_tso_carved_into_rock, chequers_ecumenical_altar_simple_redux
D:4:      layout_rooms, kennysheep_mini_moat, uniq_duvessa, uniq_menkaure

Skill      XL: |  1  2  3  4 |
---------------+-------------+-----
Spellcasting   | 3 |  3.2
Fighting       | |  0.2
Dodging        | |  2.9
Stealth        | |  2.8
Summonings     | |  4.8

Action                   |  1- 3 |  4- 6 || total
-------------------------+-------+-------++-------
Melee: Unarmed           |     4 |       ||     4
       Dagger            |    17 |       ||    17
       Spear             |       |     1 ||     1
 Cast: Summon Small Mamm |    92 |    19 ||   111
       Call Imp          |     5 |     7 ||    12
  Use: Scroll            |     4 |     4 ||     8
Armor: Robe              |    30 |     3 ||    33
Dodge: Dodged            |   102 |    10 ||   112
